 Dungeon Crawl Stone Soup version 0.31-a0-441-g867994ef1c (webtiles) character file.

Game seed: 4144330345751356100

1204 pokeman the Thaumaturge (level 8, -1/43 HPs)
             Began as a Deep Elf Hedge Wizard on Aug 2, 2023.
             Was an Initiate of Vehumet.
             Killed from afar by a white imp (7 damage)
             ... with a puff of frost
             ... on level 5 of the Dungeon.
             The game lasted 00:11:25 (4973 turns).

pokeman the Thaumaturge (Deep Elf Hedge Wizard)     Turns: 4973, Time: 00:11:26

Health: -1/43      AC:  5    Str:  7    XL:     8   Next: 21%
Magic:  6/23       EV: 13    Int: 28    God:    Vehumet [......]
Gold:   225        SH:  0    Dex: 14    Spells: 9/25 levels left

rFire   . . .        B - +2 whip (freeze)
rCold   . . .        (no shield)
rNeg    . . .        E - +0 robe of Creativity {rCorr}
rPois   .            x - +0 helmet
rElec   .            (no cloak)
rCorr   +            F - +0 pair of gloves
SInv    .            l - +0 pair of boots
Will    .....        (no amulet)
Stlth   ++           q - +6 ring of intelligence
HPRegen 0.27/turn    (no ring)
MPRegen 0.18/turn

%: no passive effects
@: no status effects
A: no striking features
a: Renounce Religion


You were on level 5 of the Dungeon.
You worshipped Vehumet.
Vehumet was noncommittal.
You visited 1 branch of the dungeon, and saw 5 of its levels.

You collected 225 gold pieces.

Inventory:

Hand Weapons
 m - the +5 spear of Enar {holy, rElec rC++ rCorr Str-5}
   (You found it on level 2 of the Dungeon)

   Str:       It affects your strength (-5).
   rC:        It greatly protects you from cold.
   rElec:     It insulates you from electricity.
   rCorr:     It protects you from acid and corrosion.
 B - a +2 whip of freezing (weapon)
Missiles
 t - 2 curare-tipped darts
Armour
 l - a +0 pair of boots (worn)
 x - a +0 helmet (worn)
 y - a +2 ring mail of cold resistance
 E - the +0 robe of Creativity (worn) {rCorr}
   (You found it on level 5 of the Dungeon)

   rCorr:     It protects you from acid and corrosion.
 F - a +0 pair of gloves (worn)
Magical Staves
 f - a staff of fire
Jewellery
 c - a +6 ring of dexterity
 q - a +6 ring of intelligence (left hand)
Wands
 u - a wand of flame (17)
Scrolls
 b - a scroll of noise {unknown}
 h - 2 scrolls of fog {unknown}
 i - 3 scrolls of immolation {unknown}
 j - a scroll of teleportation {unknown}
 n - 2 scrolls of amnesia {unknown}
 s - a scroll of vulnerability {unknown}
 v - a scroll of enchant armour {unknown}
 w - a scroll of butterflies {unknown}
 A - a scroll of silence {unknown}
 C - 2 scrolls of identify {unknown}
 D - a scroll of acquirement {unknown}
Potions
 a - 5 potions of curing {unknown}
 d - a potion of magic
 e - 2 potions of degeneration {unknown}
 g - a potion of mutation {unknown}
 k - 2 potions of heal wounds {unknown}
 o - a potion of cancellation {unknown}
 p - a potion of enlightenment {unknown}
 r - 3 potions of berserk rage {unknown}
 z - a potion of lignification {unknown}


   Skills:
 - Level 1.0 Fighting
 - Level 1.0 Armour
 - Level 4.1 Dodging
 - Level 3.0 Stealth
 * Level 9.0 Spellcasting
 + Level 6.0 Conjurations
 - Level 1.1 Summonings
 - Level 1.1 Translocations
 + Level 2.6 Fire Magic
 - Level 1.0 Ice Magic
 - Level 1.0 Air Magic
 - Level 1.0 Poison Magic
 - Level 1.3 Evocations


You had 9 spell levels left.
You knew the following spells:

 Your Spells              Type           Power      Damage    Failure   Level
a - Magic Dart            Conj           100%       1d8       1%          1
b - Mephitic Cloud        Conj/Pois/Air  27%        N/A       4%          3
c - Call Imp              Summ           36%        N/A       4%          2
d - Blink                 Tloc           36%        N/A       4%          2
e - Freezing Cloud        Conj/Ice/Air   13%        6-21      38%         5
f - Swiftness             Air            18%        N/A       9%          3

Your spell library contained the following spells:

 Spells                   Type           Power      Damage    Failure   Level
 Shock                    Conj/Air       100%       1d9       1%          1
 Slow                     Hex            48%        N/A       4%          1
 Cigotuvi's Dreadful Rot  Necr/Pois/Air  32%        N/A       4%          2
 Call Canine Familiar     Summ           18%        N/A       9%          3
 Gell's Gravitas          Tloc           18%        N/A       9%          3
 Ignite Poison            Fire/Tmut/Pois 19%        N/A       9%          3
 Teleport Other           Tloc           18%        N/A       9%          3
 Portal Projectile        Hex/Tloc       30%        N/A       11%         3
 Airstrike                Air            9%         2d(2-18)  28%         4
 Leda's Liquefaction      Hex/Erth       6%         N/A       41%         4
 Dispersal                Tloc           9%         N/A       99%         6


Dungeon Overview and Level Annotations

Branches:
Dungeon (5/15)
 Temple: D:4-7

Altars:
Dithmenos
Elyvilon
Hepliaklqana
Kikubaaqudgha
Makhleb
Nemelex Xobeh
Okawaru
Vehumet
Wu Jian
Yredelemnul
Zin
The Shining One


Message History

Press: ? - help, Shift-Dir - straight line, f/p - orc priest
Aim: an orc priest, wielding a +0 club (confused, 100% to hit)
The magic dart hits the orc priest.
The orc priest is lightly wounded.
A white imp comes into view.
Unknown command.
You hit the orc priest but do no damage.
The orc priest is lightly wounded.
The white imp gestures at you. The puff of frost hits you.
The orc priest barely misses you.
You hit the orc priest. You freeze the orc priest.
The orc priest is moderately wounded.
The white imp gestures at you. The puff of frost hits you.
* * * LOW HITPOINT WARNING * * *
The orc priest hits you with a +0 club.
* * * LOW HITPOINT WARNING * * *
You hit the orc priest. You freeze the orc priest.
The orc priest is almost dead.
The orc priest hits you with a +0 club.
* * * LOW HITPOINT WARNING * * *
Unknown command.
You barely miss the orc priest.
The orc priest is almost dead.
The orc priest barely misses you.
The orc priest completely misses itself.
You barely miss the orc priest.
The orc priest is almost dead.
You catch the helpless orc priest completely off-guard!
You hit the orc priest. You freeze the orc priest.
You kill the orc priest!
Vehumet accepts your kill.
The white imp hits you but does no damage.
Unknown command.
Casting: Magic Dart (safe; 1% risk of failure)
Confirm with . or Enter, or press ? or * to list all spells.
A tiny devil pulls itself out of the air.
The white imp gestures at you. The puff of frost hits you!
You die...

### #.. #.## ##
###). ... .... ....
..# ..#.
###.###.#####.# ...
........)5..#.#
##### >.# #.5@..#.#
#....# ..# #.###.#.#
#.#...## ..#
#.###...# #..# #.#
..# #.#.....# #..#
#.. ..#
#5#.#>.####.#..###.#
#.#
#...........#.#..>##
..# .
...#.#..######.#####
.#### ..
####.#..######.#
.†..###.# # #
#....[†...#


You could see a white imp (ally target) and a friendly cerulean imp (summoned).

Vanquished Creatures
  Grinder (D:5)
  Edmund (D:5)
  A water moccasin (D:5)
  A black bear (D:4)
  2 phantoms (D:5)
  4 orc priests
  3 hounds
  A jelly (D:4)
  Ijyb (D:3)
  A sleepcap (D:5)
  2 iguanas (D:5)
  4 orc wizards
  Robin (D:4)
  4 adders
  A worm (D:2)
  3 dart slugs
  11 orcs
  3 ball pythons
  6 endoplasms
  3 giant cockroaches
  10 goblins
  4 hobgoblins
  7 kobolds
  5 quokkas
  2 bats
  3 frilled lizards
  6 rats
91 creatures vanquished.

Notes
Turn   | Place    | Note
-------+----------+-------------------------------------------
     0 | D:1      | pokeman the Deep Elf Hedge Wizard began the quest for the
                  | Orb.
     0 | D:1      | Reached XP level 1. HP: 10/10 MP: 7/7
   346 | D:1      | Reached XP level 2. HP: 15/15 MP: 3/9
   877 | D:2      | Reached skill level 5 in Spellcasting
   878 | D:2      | Reached XP level 3. HP: 20/20 MP: 3/11
   882 | D:2      | Learned a level 3 spell: Mephitic Cloud
   885 | D:2      | Learned a level 2 spell: Call Imp
   888 | D:2      | Learned a level 2 spell: Blink
  1041 | D:2      | Reached skill level 1 in Armour
  1186 | D:2      | Identified the +5 spear of Enar {holy, rElec rC++ rCorr
                  | Str-5}
  1326 | D:2      | Reached skill level 1 in Fighting
  1886 | D:3      | Reached XP level 4. HP: 25/25 MP: 8/13
  1992 | D:3      | HP: 1/25 [orc/+0 trident (3)]
  2181 | D:3      | Noticed Ijyb
  2217 | D:3      | Killed Ijyb
  2701 | D:3      | Found a faded altar of an unknown god.
  2898 | D:4      | Reached skill level 6 in Spellcasting
  2979 | D:4      | Reached XP level 5. HP: 29/29 MP: 6/15
  2988 | D:4      | Noticed Robin
  3188 | D:4      | Killed Robin
  3191 | D:4      | Noticed a black bear
  3211 | D:4      | Killed a black bear
  3212 | D:4      | Reached skill level 1 in Evocations
  3224 | D:4      | Learned a level 5 spell: Freezing Cloud
  3228 | D:4      | Learned a level 3 spell: Swiftness
  3393 | D:4      | Reached XP level 6. HP: 34/34 MP: 12/17
  3534 | D:4      | Reached skill level 7 in Spellcasting
  3598 | D:4      | Reached skill level 1 in Poison Magic
  4037 | D:5      | Entered Level 5 of the Dungeon
  4061 | D:5      | Reached skill level 1 in Air Magic
  4122 | D:5      | Noticed Grinder
  4149 | D:5      | Killed Grinder
  4150 | D:5      | Reached skill level 5 in Conjurations
  4150 | D:5      | Reached XP level 7. HP: 23/38 MP: 5/20
  4254 | D:5      | Noticed Edmund
  4276 | D:5      | Killed Edmund
  4277 | D:5      | Reached skill level 1 in Fire Magic
  4322 | D:5      | Reached skill level 1 in Ice Magic
  4443 | D:5      | Identified the +0 robe of Creativity {rCorr}
  4461 | D:5      | Reached skill level 8 in Spellcasting
  4665 | D:5      | Found a glowing golden altar of the Shining One.
  4668 | D:5      | Found a white marble altar of Elyvilon.
  4669 | D:5      | Found a glowing silver altar of Zin.
  4670 | D:5      | Found an ornate altar of the Wu Jian Council.
  4670 | D:5      | Found an ancient bone altar of Kikubaaqudgha.
  4670 | D:5      | Found a basalt altar of Yredelemnul.
  4670 | D:5      | Found a hazy altar of Hepliaklqana.
  4670 | D:5      | Found a radiant altar of Vehumet.
  4671 | D:5      | Found a shadowy altar of Dithmenos.
  4672 | D:5      | Found a burning altar of Makhleb.
  4673 | D:5      | Found an iron altar of Okawaru.
  4675 | D:5      | Found a sparkling altar of Nemelex Xobeh.
  4679 | D:5      | Became a worshipper of Vehumet
  4723 | D:5      | Reached XP level 8. HP: 23/43 MP: 9/22
  4960 | D:5      | Reached skill level 9 in Spellcasting
  4973 | D:5      | Killed from afar by a white imp

Illustrated notes

Levels and vault maps discovered:
D:1:      heliophobic_arrival_enchanted_forest, layout_rooms
D:2:      layout_rooms
D:3:      layout_basic, dreamdust_ecumenical_altar_angels_and_demons,
          kennysheep_generic_room_3, uniq_ijyb
D:4:      layout_gridville, uniq_robin
D:5:      layout_loops_ring, minitemple, uniq_grinder, uniq_edmund

Skill      XL: |  1  2  3  4  5  6  7  8 |
---------------+-------------------------+-----
Spellcasting   | 5 6 7 8 9 |  9.0
Armour         | 1 |  1.0
Conjurations   | 2 3 5 6 |  6.0
Fighting       | 1 |  1.0
Stealth        | 3 |  3.0
Dodging        | 3 4 |  4.1
Evocations     | 1 |  1.3
Poison Magic   | 1 |  1.0
Air Magic      | 1 |  1.0
Fire Magic     | 2 |  2.6
Ice Magic      | 1 |  1.0
Summonings     | |  1.1
Translocations | |  1.1

Action                     |  1- 3 |  4- 6 |  7- 9 || total
---------------------------+-------+-------+-------++-------
  Melee: Dagger            |     3 |       |       ||     3
         Hand axe          |     4 |    63 |       ||    67
         Whip              |       |       |    16 ||    16
   Cast: Magic Dart        |    99 |    91 |    53 ||   243
         Mephitic Cloud    |     1 |    15 |     2 ||    18
         Call Imp          |       |     5 |     5 ||    10
         Blink             |       |     1 |       ||     1
   Stab: Confused          |     1 |     9 |     1 ||    11
 Armour: Robe              |     2 |    21 |     6 ||    29
  Dodge: Dodged            |     4 |    62 |    15 ||    81

Table legend: (Time is in decaauts)
 A = Elapsed time spent in this place.
 B = Non-inter-level travel time spent in this place.
 C = Inter-level travel time spent in this place.
 D = Time resting spent in this place.
 E = Time spent auto-exploring this place.
 F = Levels seen in this place.
 G = Mean time per level.
                   A        B        C        D        E       F      G
               +--------+--------+--------+--------+--------+-----+--------+
         Total |   4993 |   4876 |    117 |    217 |   3841 |   5 |  998.6 |
       Dungeon |   4993 |   4876 |    117 |    217 |   3841 |   5 |  998.6 |
               +--------+--------+--------+--------+--------+-----+--------+

Top non-repeatable levels by time:
     D:3: 1403 daAuts
     D:4: 1078 daAuts
     D:5: 937 daAuts
     D:1: 838 daAuts
     D:2: 735 daAuts
